monkhack, neutral male human Monk ------- |.@a...# |.f...|# -.---.-#%#################### ## ### % ------------- % #1# |`.........`| # # |.....`.....| ------.---- ### |...-----...| |.........| # |...|.{.|...|# |......[...#` ##### |..`|{.{|`%..# |.........| # #|...|.{.|..)|# ----------- ###|...--.--I..| #......`...... |`.........`| ------------- monkhack the Initiate Experience level: 7 Strength: 17 Dexterity: 13 Constitution: 15 Intelligence: 9 Wisdom: 14 Charisma: 11 Health: 0(63) Energy: 44(44) Def: 6 Gold: 1764 Moves: 2635 Dungeon seed: cvdU7k_dGDr0NTY_ Game ID: monkhack_1465579418 Your Inventory: Coins $ - 1764 gold pieces Weapons a - a +0 orcish bow i - 19 +0 darts j - a +1 elven dagger m - a +0 dagger s - 8 +0 silver arrows D - 23 poisoned +0 orcish arrows Armor e - an uncursed +2 pair of leather gloves (being worn) n - an uncursed +1 robe (being worn) Comestibles b - 2 uncursed candy bars d - 6 uncursed food rations f - 5 uncursed apples g - 7 uncursed oranges h - 5 uncursed fortune cookies p - an uncursed pear t - 2 uncursed tripe rations z - an uncursed egg W - an uncursed melon Scrolls c - a blessed scroll of teleportation Spellbooks u - an uncursed spellbook of detect monsters Potions o - a cursed potion of object detection Z - an uncursed potion of sleeping Wands k - a wand of undead turning (0:4) l - a wand of striking (0:6) X - a wand of magic missile (0:5) Tools J - an expensive camera (0:47) O - a magic marker (0:43) Gems q - an uncursed worthless piece of green glass N - an uncursed touchstone Spells and supernatural/magical abilities: Name Level Category Fail Memory z - sleep 1 enchantment 0% 87% W - pray for help -- divine ? -- Your skills at the end: Fighting Skills martial arts [Skilled] wands [Basic] Weapon Skills Spellcasting Skills healing spells [Basic] Final Attributes: You were piously aligned. You were sleep resistant. You were poison resistant. You saw invisible. You were warned. You were stealthy. You were fast. You are dead. Vanquished creatures: a giant beetle a giant spider a raven a soldier ant 3 fire ants a mountain nymph 11 Uruk-hai a rock mole 2 elf zombies a ghoul a paper golem a kitten a homunculus 7 hill orcs an orc zombie 2 dwarf zombies 2 wererats 2 iguanas a giant rat a gnome a garter snake 2 gnome zombies 3 geckos 5 jackals 2 goblins 5 sewer rats 5 grid bugs 5 lichens 6 newts 76 creatures vanquished. Voluntary challenges: You were vegetarian. You never hit with a wielded weapon. You were illiterate. You never genocided any monsters. You never polymorphed an object. You never changed form. You used no wishes. You never split a pudding. You never wrote Elbereth's name. You violated your moral code, losing 13 points of alignment, starting on turn 1539. Dungeon overview: The Dungeons of Doom: levels 1 to 9 Level 1 a fountain a long staircase Level 2 an armor shop, an altar to Huan Ti Level 3 Level 4 Level 5 Level 6 a fountain Level 7 a general store, a fountain Level 8 a fountain Level 9 <- You were here many fountains History has recorded: On T:1 you entered the Dungeons of Doom to retrieve the Amulet of Yendor! On T:457 you reached level 2 of The Dungeons of Doom. On T:529 you reached level 3 of The Dungeons of Doom. On T:530 you advanced to experience level 2. On T:934 you reached level 4 of The Dungeons of Doom. On T:1013 you reached level 5 of The Dungeons of Doom. On T:1143 you reached level 6 of The Dungeons of Doom. On T:1160 you advanced to experience level 3. On T:1375 you reached level 7 of The Dungeons of Doom. On T:1420 you reached level 8 of The Dungeons of Doom. On T:1534 you advanced to experience level 4. On T:1604 you advanced to experience level 5. On T:1907 you advanced to experience level 6. On T:2351 you reached level 9 of The Dungeons of Doom. On T:2444 you advanced to experience level 7. Score breakdown: Gold: 1764 (11044 points) Experience: 7 levels (13645 points) Exploration: 9 levels ( 19.15%) (12510 points) Discoveries: 5 items ( 1.77%) ( 3987 points) Valuables value: (no points given unless you survive) Artifact value: 0 ( 0 points) Variety of kills: 29 monsters ( 7.57%) ( 8255 points) Turncount: 2635 turns ( -408 points) Survival: died (score multiplied by 80%) Total score: 39226 Latest messages: The soldier ant bites! The soldier ant stings! You hit the soldier ant. The soldier ant bites! The soldier ant stings! You hit the soldier ant! (2x) The soldier ant bites! The soldier ant misses. The soldier ant bites! The soldier ant stings! The soldier ant misses. The soldier ant just misses! You kill the soldier ant! The soldier ant bites! The soldier ant misses. You hit the soldier ant! You hit the soldier ant. The soldier ant bites! The soldier ant stings! The kitten picks up a soldier ant corpse. The soldier ant bites! You die... Final status: Goodbye monkhack the Monk, killed by a soldier ant... You died in The Dungeons of Doom on dungeon level 9 with 39226 points, and 1764 pieces of gold, after 2635 moves. You were level 7 with a maximum of 63 hit points when you died.